 Dungeon Crawl Stone Soup version 0.17.0-25-gefc9c12 (webtiles) character file.

134 Raultor the Changer (level 5, -1/33 HPs)
             Began as an Octopode Transmuter on Nov 18, 2015.
             Killed from afar by Sigmund (9 damage)
             ... with a wand of flame
             ... on level 3 of the Dungeon.
             The game lasted 00:05:46 (1870 turns).

Raultor the Changer (Octopode Transmuter)           Turns: 1870, Time: 00:05:46

Health: -1/33      AC:  1    Str:  9    XL:     5   Next: 17%
Magic:  7/8        EV: 12    Int: 15    God:
Gold:   47         SH:  0    Dex: 14    Spells: 2 memorised, 4 levels left

rFire  . . .     SeeInvis .       - Unarmed
rCold  . . .     Clarity  .     (no shield)
rNeg   . . .     SustAt   .     (helmet restricted)
rPois  .         Gourm    .     (no amulet)
rElec  .         Spirit   .     (no ring)
rCorr  .         Warding  .     (no ring)
rMut   .         Stasis   .     (no ring)
MR     .....                    (no ring)
Stlth  ++........               (no ring)
                                (no ring)
                                (no ring)
                                (no ring)

@: not resistant to hostile enchantments, unstealthy
A: almost no armour, amphibious, 8 rings, constrict 8, camouflage 1, gelatinous
body 1
a: no special abilities


You were on level 3 of the Dungeon.
You were not hungry.

You visited 1 branch of the dungeon, and saw 3 of its levels.

You collected 47 gold pieces.

Inventory:

Missiles
 a - 12 arrows
 h - a throwing net (quivered)
 k - 29 stones
Scrolls
 e - 2 scrolls of immolation {unknown}
 g - a scroll of enchant weapon {unknown}
 i - a scroll of recharging {unknown}
 j - 2 scrolls of remove curse {unknown}
 m - a scroll of blinking {unknown}
 n - a scroll of teleportation {unknown}
 q - a scroll of fog {unknown}
Potions
 f - a potion of degeneration {unknown}
 o - a potion of curing {unknown}
 p - a potion of ambrosia {unknown}
Books
 b - a book of Changes

   Spells                             Type                      Level
   a - Beastly Appendage              Transmutation                1
   b - Sticks to Snakes               Transmutation                2
   c - Spider Form                    Transmutation/Poison         3
   d - Ice Form                       Ice/Transmutation            4
   e - Blade Hands                    Transmutation                5
Comestibles
 c - 3 bread rations
 d - 5 fruits
 l - a meat ration


   Skills:
 - Level 1.0 Fighting
 - Level 2.0 Dodging
 - Level 3.0 Unarmed Combat
 - Level 2.0 Spellcasting
 + Level 5.2 Transmutations


You had 4 spell levels left.
You knew the following spells:

 Your Spells              Type           Power        Failure   Level  Hunger
a - Beastly Appendage     Trmt           ###...       2%          1    #......
b - Spider Form           Trmt/Pois      #.........   24%         3    ###....


Dungeon Overview and Level Annotations

Branches:
Dungeon (3/15)

Altars:
Dithmenos
Qazlal

Annotations:
D:3 Sigmund


Innate Abilities, Weirdness & Mutations

You cannot wear most types of armour.
You are amphibious.
You can wear up to eight rings at the same time.
You can use your tentacles to constrict eight enemies at once.
Your skin changes colour to match your surroundings (Stealth).
Your rubbery body absorbs attacks (AC +1).


Message History

Your transformation is almost over.
Found a dagger.
Your transformation has ended.
Found a shadowy altar of Dithmenos.
A ball python comes into view.
Found a fizzy grey potion.
The ball python bites you. The ball python closely misses you.
Sigmund casts a spell at you. The puff of flame hits you!
* * * LOW HITPOINT WARNING * * *
The ball python bites you.
* * * LOW HITPOINT WARNING * * *
The ball python grabs you. The ball python constricts you.
You tentacle-slap the ball python. Your grab misses the ball python.
You squeeze the ball python.
You kill the ball python!
Sigmund breathes a few words.
Sigmund's hands start flickering wildly.
Sigmund zaps a wand.
The puff of flame hits you!
You die...

............#
.##########@##
#..# #..# #..#
#..#####
#.....!#
#.#...§..
+@#.§_..#
#.##....# #.#
#...# ..# #..#
### ..#


You could see Sigmund.

Vanquished Creatures
  An orc wizard (D:2)
  A gnoll (D:1)
  3 adders (D:2)
  3 oozes (D:1)
  2 orcs (D:3)
  3 ball pythons
  2 giant cockroaches (D:1)
  3 goblins
  2 hobgoblins (D:2)
  14 jackals
  2 kobolds (D:1)
  8 bats
  3 giant geckos
  3 giant newts
  11 rats
61 creatures vanquished.

Notes
Turn   | Place    | Note
--------------------------------------------------------------
     0 | D:1      | Raultor the Octopode Transmuter began the quest for the Orb.
     0 | D:1      | Reached XP level 1. HP: 13/13 MP: 3/3
     1 | D:1      | Found a runed door.
   140 | D:1      | Reached XP level 2. HP: 16/18 MP: 5/5
   204 | D:1      | Reached XP level 3. HP: 17/23 MP: 6/6
   521 | D:1      | Learned a level 3 spell: Spider Form
   545 | D:1      | Reached skill level 4 in Transmutations
   555 | D:1      | Reached XP level 4. HP: 12/28 MP: 3/7
  1258 | D:3      | Noticed Sigmund
  1263 | D:2      | Reached skill level 5 in Transmutations
  1664 | D:2      | Reached XP level 5. HP: 20/33 MP: 8/8
  1832 | D:3      | Found a stormy altar of Qazlal.
  1864 | D:3      | Found a shadowy altar of Dithmenos.
  1870 | D:3      | Killed from afar by Sigmund

Action                   |  1- 3 |  4- 6 || total
-------------------------+-------+-------++-------
Melee: Unarmed           |    79 |    57 ||   136
 Cast: Spider Form       |     2 |     3 ||     5
 Stab: Sleeping          |     1 |     3 ||     4
  Eat: Chunk             |       |     4 ||     4
